 Dungeon Crawl Stone Soup version 0.29-a0-529-gfa20dd96a1 (webtiles) character file.

Game seed: 12701266633520610540

294 thriggle the Conjurer (level 6, -2/39 HPs)
             Began as an Octopode Conjurer on June 1, 2022.
             Was an Elder of Zin.
             Slain by Edmund
             ... wielding a +3 flail of protection
              (7 damage)
             ... on level 4 of the Dungeon.
             The game lasted 00:18:19 (3010 turns).

thriggle the Conjurer (Octopode Conjurer)           Turns: 3010, Time: 00:18:20

Health: -2/39      AC:  5    Str: 12    XL:     6   Next: 34%
Magic:  2/10       EV: 13    Int: 29    God:    Zin [****..]
Gold:   1028       SH:  0    Dex: 10    Spells: 2/10 levels left

rFire   . . .      SeeInvis .   r - +1 dagger (elec)
rCold   . . .      Faith    .   (no shield)
rNeg    . . .      Spirit   .   (helmet restricted)
rPois   .          Reflect  .   (no amulet)
rElec   .          Harm     .   h - +4 ring of protection
rCorr   .          Rampage  .   q - +6 ring of strength
Will    +....                   s - ring of willpower
Stlth   +++.......              t - +6 ring of intelligence
HPRegen 0.13/turn               (no ring)
MPRegen 0.12/turn               (no ring)
                                (no ring)
                                (no ring)

@: on recite cooldown
A: almost no armour, amphibious, 8 rings, camouflage 1, gelatinous body 1,
(nimble swimmer 1), tentacles
a: Renounce Religion, Recite, Vitalisation, Imprison, Donate Gold


You were on level 4 of the Dungeon.
You worshipped Zin.
Zin was greatly pleased with you.
You visited 1 branch of the dungeon, and saw 5 of its levels.

You collected 1131 gold pieces.
You donated 103 gold pieces to Zin.

Inventory:

Hand Weapons
 b - a +0 dagger
 r - a +1 dagger of electrocution (weapon)
Missiles
 e - 7 boomerangs
 g - 171 stones
Magical Staves
 n - a staff of poison
Jewellery
 h - a +4 ring of protection (left tentacle)
 m - a ring of fire
 q - a +6 ring of strength (right tentacle)
 s - a ring of willpower (on tentacle)
 t - a +6 ring of intelligence (on tentacle)
Wands
 l - a wand of flame (4)
Scrolls
 d - a scroll of teleportation
 k - a scroll of poison
Potions
 a - a potion of magic
 f - 2 potions of curing
 i - a potion of heal wounds {unknown}
 j - a potion of haste {unknown}
 o - 2 potions of brilliance {unknown}
 p - a potion of degeneration {unknown}
 u - 2 potions of lignification {unknown}
 v - a potion of attraction {unknown}


   Skills:
 + Level 2.2 Fighting
 + Level 1.6 Short Blades
 + Level 3.1 Dodging
 + Level 4.2 Stealth
 + Level 2.8 Spellcasting
 + Level 4.5 Conjurations
 - Level 1.4 Transmutations
 + Level 1.5 Invocations


You had 2 spell levels left.
You knew the following spells:

 Your Spells              Type           Power      Damage    Failure   Level
a - Magic Dart            Conj           100%       1d8       1%          1
b - Static Discharge      Conj/Air       17%        N/A       4%          2
c - Searing Ray           Conj           60%        2d6       1%          2
d - Dazzling Flash        Conj/Hex       34%        N/A       10%         3

Your spell library contained the following spells:

 Spells                   Type           Power      Damage    Failure   Level
 Beastly Appendage        Tmut           24%        N/A       4%          1
 Ignite Poison            Fire/Tmut/Pois 6%         N/A       19%         3
 Fulminant Prism          Conj/Hex       8%         3d7       30%         4
 Iskenderun's Mystic Bla  Conj/Tloc      17%        2d5       30%         4
 Sticky Flame             Conj/Fire      17%        2d4       30%         4
 Ice Form                 Ice/Tmut       8%         N/A       50%         4
 Dispel Undead            Necr           4%         3d7       61%         4
 Dragon Form              Tmut           6%         N/A       100%        7


Dungeon Overview and Level Annotations

Branches:
Dungeon (5/15)             Temple (0/1) D:4

Altars:
Zin
Beogh

Annotations:
D:4 Edmund


Innate Abilities, Weirdness & Mutations

You cannot wear most types of armour.
You are amphibious.
You can wear up to eight rings at the same time.
Your skin changes colour to match your surroundings (Stealth+).
Your rubbery body absorbs attacks. (AC +1, EV +1)
((You are camouflaged when in or above water. (Stealth+)))
You have tentacles for arms and can constrict up to eight enemies at once.


Message History

Edmund barely misses you.
You hit Edmund but do no damage.
Edmund is severely wounded.
You constrict Edmund, but do no damage.
Edmund hits you with a +3 flail of protection!
Unknown command.
You hit Edmund but do no damage.
Edmund is severely wounded.
You constrict Edmund.
Edmund hits you with a +3 flail of protection!
* * * LOW HITPOINT WARNING * * *
Unknown command.
Okay, then.
Aiming: Throw Flame
Press: ? - help, Shift-Dir - straight line, f - Edmund
Aim: Edmund, wielding a +3 flail of protection and wearing a +0 ring mail (severely wounded, constricted by you, dazed, 100% to hit)
The puff of flame hits Edmund but does no damage.
Edmund is severely wounded.
You constrict Edmund.
Edmund is no longer dazed.
Edmund closely misses you.
You feel better.
You constrict Edmund.
Edmund hits you with a +3 flail of protection.
* * * LOW HITPOINT WARNING * * *
You hit Edmund but do no damage. You squeeze Edmund, but do no damage.
Edmund is severely wounded.
You constrict Edmund.
Edmund hits you with a +3 flail of protection.
* * * LOW HITPOINT WARNING * * *
Press: ? - help, v - describe, . - travel, g - get item
Here: Edmund, wielding a +3 flail of protection and wearing a +0 ring mail (almost dead, constricted by you)
Items here: a +2 short sword of venom; a +0 chain mail.
A stone staircase leading down, spattered with blood.
You hit Edmund but do no damage.
Edmund is almost dead.
You constrict Edmund, but do no damage. Edmund misses you.
You hit Edmund. You squeeze Edmund, but do no damage.
Edmund is almost dead.
You constrict Edmund.
Edmund says, "People will remember me!
They'll remember me and die!"
Edmund hits you with a +3 flail of protection!
You die...

.##......# .##......#
.##......####
.†...........
###......## #######
#......#### #.....#
###......).. #.....#
#..........####.....#
............@@o.....#
#...........###.##..##
...!.....[.....[.....#
......>....#.#!#o#@#.#
............ ......o.#
#####. ....)..#.# #
..........#
.#...>...#.@
...........


You could see Edmund and an orc priest (corona).

Vanquished Creatures
  A scorpion (D:4)
  Jessica (D:3)
  Ijyb (D:3)
  Terence (D:3)
  3 gnolls (D:3)
  4 adders
  3 dart slugs
  9 orcs
  4 ball pythons
  13 endoplasms
  3 giant cockroaches
  7 goblins
  8 hobgoblins
  2 quokkas (D:1)
  6 bats
  6 frilled lizards
  2 kobolds
  7 rats
81 creatures vanquished.

Notes
Turn   | Place    | Note
-------+----------+-------------------------------------------
     0 | D:1      | thriggle the Octopode Conjurer began the quest for the Orb.
     0 | D:1      | Reached XP level 1. HP: 11/11 MP: 3/3
     7 | D:1      | Got the Compendium of Burning Transmutation
    10 | D:1      | Learned a level 1 spell: Beastly Appendage
    71 | D:1      | Reached XP level 2. HP: 16/18 MP: 3/5
    76 | D:1      | Learned a level 2 spell: Searing Ray
   534 | D:1      | Reached XP level 3. HP: 22/22 MP: 6/6
   781 | D:1      | Reached skill level 1 in Fighting
  1019 | D:2      | Identified the +1 scale mail of the Hanged Man {Harm Dex+6}
  1067 | D:2      | Reached skill level 1 in Transmutations
  1407 | D:2      | Reached XP level 4. HP: 28/28 MP: 0/7
  1758 | D:2      | Found a faded altar of an unknown god.
  1762 | D:2      | Prayed at the altar of an unknown god.
  1762 | D:2      | Became a worshipper of Zin the Law-Giver
  1762 | D:2      | Reached * piety under Zin
  2103 | D:3      | Learned a level 3 spell: Dazzling Flash
  2118 | D:3      | Reached ** piety under Zin
  2164 | D:3      | Noticed Jessica
  2167 | D:3      | Killed Jessica
  2168 | D:3      | Reached skill level 1 in Short Blades
  2168 | D:3      | Reached XP level 5. HP: 31/33 MP: 4/8
  2253 | D:3      | Noticed Ijyb
  2255 | D:3      | Reached skill level 1 in Invocations
  2260 | D:3      | Killed Ijyb
  2332 | D:3      | Learned a level 2 spell: Static Discharge
  2342 | D:3      | Noticed Terence
  2363 | D:3      | Killed Terence
  2364 | D:3      | Reached XP level 6. HP: 26/39 MP: 0/10
  2944 | D:4      | You fall into a shaft and drop 1 floor!
  2944 | D:5      | Entered Level 5 of the Dungeon
  2947 | D:5      | Identified a scroll of acquirement
  2947 | D:5      | Acquired 1000 gold pieces
  2948 | D:5      | Reached *** piety under Zin
  2948 | D:5      | Reached **** piety under Zin
  2979 | D:4      | Found a staircase to the Ecumenical Temple.
  2983 | D:4      | Noticed Edmund
  3010 | D:4      | Slain by Edmund

Illustrated notes

Levels and vault maps discovered:
D:1:      elethiomel_arrival_quiet, layout_loops_ring
D:2:      layout_loops_ring, hellmonk_ecumenical_altar_defaced_shrine
D:3:      layout_loops_ring, uniq_jessica, uniq_terence, uniq_ijyb
D:4:      layout_basic, minmay_temple_entry_glass, kennysheep_generic_room_3,
          uniq_edmund
D:5:      layout_basic

Skill      XL: |  1  2  3  4  5  6 |
---------------+-------------------+-----
Stealth        | 3 4 |  4.2
Fighting       | 1 2 |  2.2
Transmutations | 1 |  1.4
Short Blades   | 1 |  1.6
Invocations    | 1 |  1.5
Dodging        | 3 |  3.1
Spellcasting   | |  2.8
Conjurations   | |  4.5

Action                   |  1- 3 |  4- 6 || total
-------------------------+-------+-------++-------
Melee: Unarmed           |    13 |       ||    13
       Constrict         |    11 |     8 ||    19
       Kick              |     5 |     1 ||     6
       Tentacles         |     4 |    12 ||    16
       Dagger            |    38 |    47 ||    85
Throw: Boomerang         |       |     1 ||     1
 Cast: Beastly Appendage |     4 |     1 ||     5
       Searing Ray       |     6 |    11 ||    17
       Magic Dart        |     5 |     8 ||    13
       Dazzling Flash    |       |     1 ||     1
Invok: Recite            |       |     2 ||     2
Evoke: Wand              |       |     1 ||     1
  Use: Scroll            |       |     8 ||     8
       Potion            |       |     1 ||     1
 Stab: Sleeping          |    19 |     3 ||    22
       Distracted        |     1 |       ||     1
Armor: Skin              |     6 |     6 ||    12
Dodge: Dodged            |    16 |    24 ||    40

Table legend: (Time is in decaauts)
 A = Elapsed time spent in this place.
 B = Non-inter-level travel time spent in this place.
 C = Inter-level travel time spent in this place.
 D = Time resting spent in this place.
 E = Time spent auto-exploring this place.
 F = Levels seen in this place.
 G = Mean time per level.
                   A        B        C        D        E       F      G
               +--------+--------+--------+--------+--------+-----+--------+
         Total |   3003 |   2915 |     88 |    304 |   1544 |   5 |  600.6 |
       Dungeon |   3003 |   2915 |     88 |    304 |   1544 |   5 |  600.6 |
               +--------+--------+--------+--------+--------+-----+--------+

Top non-repeatable levels by time:
     D:3: 1067 daAuts
     D:1: 950 daAuts
     D:2: 846 daAuts
     D:4: 113 daAuts
     D:5: 24 daAuts
